 Dungeon Crawl Stone Soup version 0.21.1 (webtiles) character file.

112 shakethe the Cudgeler (level 4, -5/44 HPs)
             Began as a Troll Berserker on Feb 5, 2018.
             Was a Believer of Trog.
             Killed by nerve-wracking pain
             ... invoked by an orc priest
              (10 damage)
             ... on level 3 of the Dungeon.
             The game lasted 00:06:16 (1748 turns).

shakethe the Cudgeler (Troll Berserker)             Turns: 1748, Time: 00:06:16

Health: -5/44      AC:  8    Str: 25    XL:     4   Next: 64%
Magic:  3/3        EV: 10    Int:  3    God:    Trog [**....]
Gold:   80         SH:  0    Dex: 10    Spells: 3/3 levels left

rFire    . . .     SeeInvis .   a - +0 mace
rCold    . . .     Gourm    +   (no shield)
rNeg     . . .     Faith    .   m - +2 animal skin
rPois    .         Spirit   .   (helmet restricted)
rElec    .         Reflect  .   n - +0 cloak
rCorr    .         Harm     .   (gloves unavailable)
MR       .....                  (boots unavailable)
Stlth    +.........             (no amulet)
HPRegen  0.54/turn              (no ring)
MPRegen  0.08/turn              (no ring)

@: no status effects
A: large, unfitting armour, claws 3, fast metabolism 3, gourmand, regeneration
1, shaggy fur 1, tough skin 2
a: Berserk, Trog's Hand, Burn Spellbooks, Renounce Religion


You were on level 3 of the Dungeon.
You worshipped Trog.
Trog was pleased with you.
You were full.

You visited 1 branch of the dungeon, and saw 3 of its levels.

You collected 80 gold pieces.

Inventory:

Hand Weapons
 a - a +0 mace (weapon)
 l - a +2 spear of flaming
Armour
 b - a +0 animal skin
 m - a +2 animal skin (worn)
 n - a +0 cloak (worn)
Scrolls
 d - a scroll of fear {unknown}
 i - 6 scrolls of identify {unknown}
Potions
 e - 2 potions of cancellation {unknown}
 f - a potion of curing {unknown}
 g - a potion of haste {unknown}
 h - 2 potions of heal wounds {unknown}
 j - a potion of mutation {unknown}
 k - 2 potions of lignification {unknown}
 o - a potion of degeneration {unknown}
Comestibles
 c - 8 rations


   Skills:
 + Level 2.6 Fighting
 * Level 4.5 Maces & Flails
 + Level 2.6 Dodging
 + Level 0.3 Stealth


You had 3 spell levels left.
You didn't know any spells.

Dungeon Overview and Level Annotations

Branches:
Dungeon (3/15)

Altars:


Innate Abilities, Weirdness & Mutations

You are too large for most types of armour.
You have claws for hands.
Your metabolism is lightning-fast.
You like to eat raw meat.
Your natural rate of healing is unusually fast.
You are covered in fur. (AC +1)
You have very tough skin. (AC +2)


Message History

Beogh smites you!
Things that are here:
an enchanted whip; a leather armour The orc priest barely misses you.
The orc priest invokes the aid of Beogh against you.
Pain shoots through your body!
Things that are here:
a chain mail; an orc corpse You hit the orc priest but do no damage.
The orc priest barely misses you.
The orc priest invokes the aid of Beogh against you.
Pain shoots through your body!
* * * LOW HITPOINT WARNING * * *
The orc priest hits you but does no damage.
You hit the orc priest but do no damage.
The orc priest hits you with a club.
* * * LOW HITPOINT WARNING * * *
The orc priest mumbles some strange prayers to Beogh against you.
Pain shoots through your body!
You die...

### ..#.. #.#..##.#
.. #.#... ##.......#
#. #......##o##..##
##.##.# #.........#
....>#....##..##.##
###.#.#### #...#.#
##.....##.####.#.#.#
#..........#o..#.#.#
#..#.....[)@o###.#.#
#..##..##.)[...#.#.#
#.......#...#.......
##.###..#.#.#.......
#<..#..#.#.#...#.#.
#.#.#..#.......# ..
#...#...##...#.# .
#.#### . #...... #.#
.. #..##


You could see 2 orc priests.

Vanquished Creatures
  Robin (D:2)
  2 adders (D:2)
  4 dart slugs
  3 leopard geckos (D:1)
  5 orcs (D:3)
  4 giant cockroaches
  10 goblins
  9 hobgoblins
  5 jackals
  7 kobolds
  6 bats
  3 frilled lizards (D:1)
  6 rats
65 creatures vanquished.

Notes
Turn   | Place    | Note
-------+----------+-------------------------------------------
     0 | D:1      | shakethe the Troll Berserker began the quest for the Orb.
     0 | D:1      | Reached XP level 1. HP: 22/22 MP: 0/0
    38 | D:1      | Reached skill level 3 in Maces & Flails
    90 | D:1      | Reached XP level 2. HP: 24/29 MP: 1/1
   376 | D:1      | Reached XP level 3. HP: 36/36 MP: 2/2
   627 | D:1      | Reached ** piety under Trog
   907 | D:2      | Noticed Robin
   927 | D:2      | Reached skill level 4 in Maces & Flails
   964 | D:2      | Killed Robin
   964 | D:2      | Reached XP level 4. HP: 24/44 MP: 3/3
  1571 | D:2      | Found a faded altar of an unknown god.
  1748 | D:3      | Killed from afar by an orc priest

Skill      XL: |  1  2  3 |
---------------+----------+-----
Maces & Flails | 3 4 |  4.5
Fighting       | |  2.6
Dodging        | |  2.6
Stealth        | |  0.3

Action                   |  1- 3 |  4- 6 || total
-------------------------+-------+-------++-------
Melee: Mace              |   158 |    62 ||   220
  Eat: Chunk             |     9 |     9 ||    18
Armor: Animal skin       |    73 |    50 ||   123
Dodge: Dodged            |    98 |    65 ||   163
